 Dungeon Crawl Stone Soup version 0.31-a0-188-g5e087ee2ca (webtiles) character file.

Game seed: 14787096982862736232

28 qw the Shooter (level 3, -6/20 HPs)
             Began as a Deep Elf Hunter on June 23, 2023.
             Mangled by Sigmund
             ... wielding a +0 scythe
              (11 damage)
             ... on level 2 of the Dungeon.
             The game lasted 00:00:19 (776 turns).

qw the Shooter (Deep Elf Hunter)                     Turns: 776, Time: 00:00:20

Health: -6/20      AC:  3    Str: 10    XL:     3   Next: 0%
Magic:  5/5        EV: 12    Int: 13    God:
Gold:   142        SH:  0    Dex: 18    Spells: 2/2 levels left

rFire   . . .        Y - +1 shortbow
rCold   . . .        (shield currently unavailable)
rNeg    . . .        c - +0 leather armour
rPois   .            (no helmet)
rElec   .            (no cloak)
rCorr   .            (no gloves)
SInv    .            (no boots)
Will    .....        (no amulet)
Stlth   ++           (no ring)
HPRegen 0.23/turn    (no ring)
MPRegen 0.09/turn

%: no passive effects
@: about to teleport
A: no striking features
a: no special abilities


You were on level 2 of the Dungeon.
You visited 1 branch of the dungeon, and saw 2 of its levels.

You collected 142 gold pieces.


   Skills:
 - Level 1.5 Fighting
 + Level 6.6 Ranged Weapons
 - Level 2.4 Dodging
 - Level 1.2 Stealth


You had 2 spell levels left.
You didn't know any spells.
Your spell library was empty.

Inventory:

Hand Weapons
 Y - a +1 shortbow (weapon)
Armour
 c - a +0 leather armour (worn)
Scrolls
 e - 2 scrolls of identify
 k - a scroll of teleportation
Potions
 a - a potion of brilliance {unknown}
 f - a potion of might
 g - a potion of enlightenment
 i - a potion of haste

Dungeon Overview and Level Annotations

Branches:
Dungeon (2/15)

Altars:

Annotations:
D:2 Sigmund


Message History

The arrow hits the jackal but does no damage.
You hear a shout!
The bat barely misses you. The bat closely misses you.
The jackal barely misses you.
Sigmund the Dreaded comes into view.
He is wielding a +0 scythe and wearing a +2 robe of resistance.
The jackal bites you.
You hear an angry hiss.
768 ||| Stepping ~*~*~tactically~*~*~ (outnumbered).
The bat barely misses you. The bat hits you.
You shoot an arrow. The arrow closely misses the bat.
The bat closely misses you. The bat hits you but does no damage.
You shoot an arrow. The arrow hits the bat.
You kill the bat!
You shoot an arrow. The arrow barely misses the jackal. x2
The jackal bites you.
772 ||| Stepping ~*~*~tactically~*~*~ (outnumbered).
The jackal attacks as you move away! The jackal barely misses you.
Enter note: You shoot an arrow.
The arrow hits the jackal.
You kill the jackal!
Sigmund casts a spell.
Sigmund flickers and vanishes!
Deactivating autopickup; reactivate with Ctrl-A.
You shoot an arrow. The arrow misses the jackal.
The arrow barely misses the jackal.
The jackal closely misses you.
You shoot an arrow. The arrow hits the jackal.
You kill the jackal!
The jackal bites you but does no damage.
Something hits you. The jackal barely misses you.
You have reached level 3!
Your experience leads to an increase in your attributes!
Increase (S)trength, (I)ntelligence, or (D)exterity?
You feel stronger. x2
776 ||| READING 2 scrolls of teleportation.
As you read the scroll of teleportation, it crumbles to dust.
You feel strangely unstable. The jackal barely misses you. Something hits you!
Ouch! That really hurt!
You die...

...# #...# .#.# #...#
...# ....## ..# #....#
..# #....# .# ..#
..####....#@..# ..#
........)h..... ..#
#{#########
##############.h@.......
...........##..%......##
...........##.........#
...........#..).......#
...........#.#.....<..#
......######.#........#
......## ##.#........#
#.##...## #..#........#
..##.#..###.##....)...#


You could see a jackal.

Vanquished Creatures
  5 bats
  An endoplasm (D:1)
  2 hobgoblins (D:1)
  5 jackals
  2 ball pythons (D:1)
  2 frilled lizards (D:1)
  4 goblins
  3 kobolds
  3 rats (D:1)
  A spectral kobold (D:2)
28 creatures vanquished.

Notes
Turn   | Place    | Note
-------+----------+-------------------------------------------
     0 | D:1      | qw the Deep Elf Hunter began the quest for the Orb.
     0 | D:1      | Reached XP level 1. HP: 12/12 MP: 3/3
     0 | D:1      | 0 ||| qw: Version: 0.3-a-9-g12657ce
     0 | D:1      | 0 ||| qw: Game counter: 3697
     0 | D:1      | 0 ||| qw: Always use a shield: true
     0 | D:1      | 0 ||| qw: God list: Okawaru
     0 | D:1      | 0 ||| qw: Allow faded altars: false
     0 | D:1      | 0 ||| qw: Do Orc after D:15 true
     0 | D:1      | 0 ||| qw: Do second Lair branch before Depths: true
     0 | D:1      | 0 ||| qw: Lair rune preference: random
     0 | D:1      | 0 ||| qw: Plans: Normal
     0 | D:1      | 0 ||| PLANNING D:1-11
   194 | D:1      | Reached skill level 6 in Ranged Weapons
   194 | D:1      | Reached XP level 2. HP: 16/16 MP: 4/4
   299 | D:1      | 299 ||| Stepping ~*~*~tactically~*~*~ (outnumbered).
   608 | D:1      | 608 ||| DROPPING +6 ring of intelligence.
   609 | D:1      | 609 ||| READING scroll labelled ECLONW NIGHUMI.
   610 | D:1      | 610 ||| READING 5 scrolls labelled YCUISI DAULUYC.
   611 | D:1      | 611 ||| READING scroll labelled XAJIEW UWKUUD.
   612 | D:1      | 612 ||| READING 2 scrolls labelled ZANUW OPAT.
   615 | D:1      | 615 ||| DRINKING 2 silvery potions.
   616 | D:1      | 616 ||| READING 4 scrolls of identify.
   616 | D:1      | 616 ||| IDENTIFYING sedimented orange potion
   617 | D:1      | 617 ||| READING 3 scrolls of identify.
   617 | D:1      | 617 ||| IDENTIFYING black potion
   618 | D:1      | 618 ||| DROPPING scroll of butterflies.
   656 | D:2      | Found a faded altar of an unknown god.
   767 | D:2      | Noticed Sigmund
   768 | D:2      | 768 ||| Stepping ~*~*~tactically~*~*~ (outnumbered).
   772 | D:2      | 772 ||| Stepping ~*~*~tactically~*~*~ (outnumbered).
   775 | D:2      | HP: 3/16 [something (6)]
   776 | D:2      | Reached XP level 3. HP: 4/20 MP: 5/5
   776 | D:2      | 776 ||| READING 2 scrolls of teleportation.
   776 | D:2      | Mangled by Sigmund

Levels and vault maps discovered:
D:1:      ebering_hopf_link, layout_loops_ring, minmay_vboxes
D:2:      minmay_recursive_quarters, layout_basic,
          dreamdust_ecumenical_altar_drowned_temple, serial_glass,
          glass_columns_c, glass_columns_b, uniq_sigmund

Skill      XL: |  1 |
---------------+----+-----
Ranged Weapons | 6 |  6.6
Fighting       | |  1.5
Dodging        | |  2.4
Stealth        | |  1.2

Action                     || total
---------------------------++-------
   Fire: Shortbow          ||    67
    Use: Scroll            ||     7
         Potion            ||     1
 Armour: Leather armour    ||    10
  Dodge: Dodged            ||    33

Table legend:
 A = Non-vault XP
 B = Vault XP
 C = Vault XP percentage of total XP
 D = Non-vault monster count
 E = Vault monster count
 F = Vault count percentage of total count
                 A         B        C        D         E       F
            +---------+---------+-------+---------+---------+-------
      Total |      31 |      10 |  24.4 |      21 |       7 |  25.0
            +---------+---------+-------+---------+---------+-------
        D:1 |      22 |       9 |  29.0 |      15 |       6 |  28.6
        D:2 |       9 |       1 |  10.0 |       6 |       1 |  14.3
            +---------+---------+-------+---------+---------+-------
